Map: Acid Plant LE

Players

JonSnow

  • Race: Zerg Zerg
  • Spawn Location: 5:00

PandaBearMe - Winner!

  • Race: Zerg Zerg
  • Spawn Location: 11:00

Event: WCS Austin 2018

VOD

Have the link to the VOD?

Description

Time

  • Played on: June 1, 2018, 5:41 p.m.
  • Length: 4:32

All games in this series

Show
View Real Time Build Order
Export as new Build Order

JonSnow Zerg 

Build Orders: Hatch First 

Get SALT Encoding   

  12  0:01  Drone  
  13  0:13  Overlord  
  13  0:17  Drone  
  14  0:31  Drone x2  
  14  0:35  Drone  
  17  0:52  Hatchery  
  16  1:00  Drone  
  16  1:01  Drone  
  18  1:05  Extractor  
  17  1:14  Spawning Pool  
  16  1:19  Drone  
  16  1:20  Drone  
  18  1:29  Drone  
  19  1:39  Drone  
  20  1:49  Overlord  
  20  2:01  Evolution Chamber, Queen  
  19  2:02  Zergling x2  
  19  2:04  Zergling x2  
  23  2:11  Drone, Queen  
  23  2:15  Drone  
  27  2:23  Drone  
  27  2:26  Zerg Ground Armor Level 1  
  27  2:29  Drone  
  29  2:49  Hatchery  
  28  2:52  Drone x2  
  28  2:55  Drone  
  31  3:02  Metabolic Boost  
  31  3:04  Drone  
  32  3:06  Drone  
  32  3:09  Drone  
  32  3:12  Drone  
  35  3:17  Overlord  
  35  3:35  Queen  
  37  3:42  Evolution Chamber x2  
  37  3:43  Evolution Chamber  
  37  3:44  Spine Crawler  
  37  3:45  Evolution Chamber, Queen  
  35  3:48  Zergling x2  
  35  3:49  Zergling x2  
  35  3:50  Zergling x2  
  35  3:52  Zergling x2  
  38  3:56  Zergling x2  
  38  3:59  Zergling x2  
  38  4:00  Zergling x2  
  41  4:04  Evolution Chamber  
Show
View Real Time Build Order
Export as new Build Order

PandaBearMe Zerg - Winner!

Build Orders: Hatch First 

Get SALT Encoding   

  12  0:02  Drone  
  13  0:12  Overlord  
  13  0:17  Drone  
  14  0:31  Drone x2  
  16  0:48  Hatchery  
  15  0:52  Drone  
  15  0:56  Drone  
  17  0:59  Drone  
  17  1:03  Extractor  
  17  1:15  Spawning Pool  
  16  1:19  Drone  
  16  1:22  Drone  
  18  1:31  Drone  
  19  1:41  Overlord  
  19  2:02  Queen x2  
  19  2:03  Metabolic Boost  
  19  2:04  Zergling x2  
  24  2:08  Drone  
  24  2:11  Drone  
  26  2:15  Drone  
  26  2:17  Drone  
  26  2:22  Drone  
  29  2:28  Baneling Nest  
  28  2:34  Zergling x4  
  30  2:37  Zergling x2  
  31  2:45  Queen  
  31  2:51  Overlord  
  33  2:52  Zergling x2  
  33  2:57  Zergling x2  
  33  2:58  Zergling x2  
  36  3:04  Overlord  
  36  3:12  Zergling x4  
  38  3:13  Zergling x4  
  38  3:15  Zergling x2  
  38  3:18  Zergling x2  
  42  3:21  Zergling x2  
  42  3:24  Zergling x2  
  42  3:26  Zergling x2  
  45  3:32  Zergling x4  
  47  3:35  Baneling x2  
  47  3:36  Baneling x2  
  47  3:45  Zergling x6  
  47  3:47  Zergling x2  
  51  3:55  Zergling x2  
  51  3:58  Baneling x2  
  51  4:00  Zergling x2  
  50  4:03  Zergling x2  
  50  4:13  Zergling x4  
Tags
 
Add a new tag
Caveats
  • Supply blocks, unpowered buildings, or Contaminate may cause inaccurate times.
  • Supply counts are checked every 10 seconds.